 Dungeon Crawl Stone Soup version bcrawl-1.14 (webtiles) character file.

Game seed: 17740140626456178316

8191 MisterOstroum the Basher (level 11, -5/123 HPs)
             Began as an Ogre Berserker on Sept 16, 2019.
             Was a High Priest of Trog.
             Slain by a centaur warrior (6 damage)
             ... on level 9 of the Dungeon on Sept 17, 2019.
             The game lasted 00:57:14 (10457 turns).

MisterOstroum the Basher (Ogre Berserker)          Turns: 10457, Time: 00:57:15

Health: -5/123     AC:  5    Str: 24    XL:     11   Next: 27%
Magic:  11/11      EV: 12    Int: 13    God:    Trog [*****.]
Gold:   573        SH:  0    Dex: 10    Spells: 10/10 levels left

rFire    . . .     SeeInvis .   n - +1 mace (protect)
rCold    . . .     Gourm    .   (no shield)
rNeg     . . .     Faith    .   H - +0 troll leather armour
rPois    .         Spirit   .   (helmet restricted)
rElec    .         Reflect  .   (no cloak)
rCorr    .         Harm     .   (gloves unavailable)
MR       +....                  (boots unavailable)
Stlth    +.........             (no amulet)
HPRegen  0.70/turn              (no ring)
MPRegen  0.12/turn              (no ring)

@: brilliant, berserk cooldown, slowed, very slow
A: large, unfitting armour, tough skin 1
a: Berserk, Trog's Hand, Brothers in Arms, Renounce Religion


You were on level 9 of the Dungeon.
You worshipped Trog.
Trog was extremely pleased with you.
You were very hungry.

You visited 1 branch of the dungeon, and saw 9 of its levels.
You also visited: Sewer.

You collected 628 gold pieces.
You spent 55 gold pieces at shops.

Inventory:

Hand Weapons
 n - a +1 mace of protection (weapon)
 o - a +9 halberd of protection
 t - a +0 giant club
 G - a +0 morningstar
Missiles
 c - 1292 stones (quivered)
 h - 463 bolts
 j - 234 sling bullets
 l - 221 tomahawks
 q - 919 arrows
Armour
 E - a +2 robe of cold resistance
 H - a +0 troll leather armour (worn)
Wands
 C - a wand of acid (2)
 F - a wand of disintegration (10)
Scrolls
 a - 2 scrolls of fog
 b - a scroll of identify {@r1}
 d - a scroll of fear {unknown}
 f - 2 scrolls of enchant weapon
 i - 3 scrolls of remove curse {@r2}
 k - 2 scrolls of blinking
 m - 2 scrolls of teleportation {@r3 !r}
 p - a scroll of immolation {unknown}
 u - 3 scrolls of amnesia {unknown}
 v - 2 scrolls of magic mapping {unknown}
 y - 2 scrolls of enchant armour
 A - a scroll of brand weapon {unknown}
 I - a scroll of noise {unknown}
Potions
 s - a potion of heal wounds {unknown}
 w - a potion of mutation {unknown}
 x - a potion of invisibility {unknown}
 z - 2 potions of flight
 D - a potion of magic {unknown}
 J - a potion of degeneration {unknown}
Comestibles
 e - 23 rations {!d}
 B - 8 chunks of flesh


   Skills:
 + Level 12.1 Fighting
 - Level 14.2 Maces & Flails
 - Level 3.0 Throwing
 * Level 7.3 Dodging


You had 10 spell levels left.
You didn't know any spells.
Your spell library was empty.

Dungeon Overview and Level Annotations

Branches:
Dungeon (9/12)             Temple (0/1) D:5            Lair (0/6) D:8
    Orc: D:8-11

Altars:
Ashenzari
Dithmenos
Elyvilon
Gozag
Okawaru
Qazlal
Ru
Sif Muna
Trog
Vehumet
Xom
Zin

Shops:
D:4 %   D:6 *   D:8 [

Annotations:
D:7 2 runed translucent doors, Lexodia's ghost, novice DsAc


Innate Abilities, Weirdness & Mutations

You are too large for most types of armour.
You have tough skin. (AC +1)


Message History

You impale the two-headed ogre!!
The two-headed ogre is severely wounded.
The centaur warrior hits you! The two-headed ogre barely misses you.
The two-headed ogre hits you with a +0 giant spiked club!!
You barely miss the two-headed ogre.
The two-headed ogre is severely wounded.
The centaur warrior hits you.
You barely miss the two-headed ogre.
The two-headed ogre is severely wounded.
The centaur warrior hits you.
The two-headed ogre hits you with a +0 giant club.
The two-headed ogre hits you with a +0 giant spiked club!!
The centaur warrior hits you but does no damage.
You slice the two-headed ogre!!
You kill the two-headed ogre!
Trog accepts your kill. The centaur warrior barely misses you.
The centaur warrior hits you.
You closely miss the centaur warrior.
The centaur warrior hits you but does no damage.
You closely miss the centaur warrior. The centaur warrior hits you.
The centaur warrior hits you!
You puncture the centaur warrior!
The centaur warrior is moderately wounded.
The centaur warrior hits you.
You completely miss the centaur warrior.
The centaur warrior is moderately wounded.
You are no longer berserk.
You are exhausted.
You feel yourself slow down. The centaur warrior closely misses you.
The centaur warrior hits you.
You hit the centaur warrior.
The centaur warrior is moderately wounded.
The centaur warrior closely misses you. The centaur warrior hits you.
The centaur warrior hits you but does no damage.
You slash the centaur warrior!
The centaur warrior is heavily wounded.
The centaur warrior barely misses you. The centaur warrior hits you!
The centaur warrior barely misses you.
You puncture the centaur warrior!
The centaur warrior is severely wounded.
The centaur warrior hits you. x2; The centaur warrior closely misses you.
The centaur warrior hits you but does no damage.
Wield which item (- for none, * to show all)? (? for menu, Esc to quit)
Your +9 halberd of protection goes still.
Your +1 mace of protection hums with potential!
n - a +1 mace of protection (weapon)
The centaur warrior hits you!
* * * LOW HITPOINT WARNING * * *
You hit the centaur warrior.
Your weapon exudes an aura of protection.
The centaur warrior is severely wounded.
The centaur warrior barely misses you.
You barely miss the centaur warrior.
The centaur warrior is severely wounded.
The centaur warrior hits you but does no damage. x2
You hit the centaur warrior but do no damage.
The centaur warrior is heavily wounded.
The centaur warrior hits you.
* * * LOW HITPOINT WARNING * * *
The centaur warrior misses you.
It was a potion of brilliance.
You feel clever all of a sudden. The centaur warrior hits you!
* * * LOW HITPOINT WARNING * * *
The centaur warrior hits you!
* * * LOW HITPOINT WARNING * * *
You hit the centaur warrior.
The centaur warrior is severely wounded.
The centaur warrior hits you!
* * * LOW HITPOINT WARNING * * *
You feel better. The centaur warrior barely misses you.
The centaur warrior closely misses you.
The centaur warrior hits you but does no damage.
You sock the centaur warrior!
The centaur warrior is severely wounded.
The centaur warrior hits you.
* * * LOW HITPOINT WARNING * * *
You feel better.
The centaur warrior hits you but does no damage.
The centaur warrior hits you.
* * * LOW HITPOINT WARNING * * *
You hit the centaur warrior.
The centaur warrior is severely wounded.
The centaur warrior hits you.
* * * LOW HITPOINT WARNING * * *
The centaur warrior hits you.
* * * LOW HITPOINT WARNING * * *
You feel better. The centaur warrior hits you!
* * * LOW HITPOINT WARNING * * *
The centaur warrior closely misses you.
Your troll goes berserk!
You are feeling very hungry.
The centaur warrior closely misses you. The centaur warrior hits you.
* * * LOW HITPOINT WARNING * * *
The centaur warrior hits you.
* * * LOW HITPOINT WARNING * * *
You feel better. The centaur warrior hits you!
* * * LOW HITPOINT WARNING * * *
The centaur warrior hits you.
You die...

............#
###.....##.#
#.....##.######.
##.#.#.##........
#....#...########
#..###)..#
##.#......#
#c).<.....#
#@###.[...# #T#
###...# ###.#
#...# .####.#.#
##.## ........###
#.# #####.....#
#.# #.#.#.####..#
#............
#.#.#.###### ≈


You could see a centaur warrior and a friendly troll (berserk).

Vanquished Creatures
  2 two-headed ogres (D:9)
  A centaur zombie (D:7)
  A komodo dragon (D:8)
  5 trolls
  A spriggan (D:7)
  4 yaks (D:8)
  Grum (D:8)
  A hungry ghost (D:7)
  3 orc warriors (D:8)
  Purgy (Sewer)
  An ice beast (D:5)
  A phantom (D:9)
  A necrophage (D:6)
  An eye of draining (D:9)
  A sky beast (D:7)
  6 ogres
  2 wolves (D:8)
  3 big kobolds
  4 bullfrogs
  3 scorpions
  6 killer bees (D:8)
  3 wights (D:7)
  A howler monkey (D:6)
  5 crimson imps
  A bullfrog zombie (D:5)
  3 jellies
  6 orc priests
  5 hounds
  3 centaur skeletons
  Jessica (D:3)
  An iguana (D:9)
  11 orc wizards
  7 worker ants
  A statue (D:8)
  A worker ant zombie (D:5)
  10 gnolls (D:3)
  16 adders
  2 shadow imps
  6 oozes
  An adder zombie (D:7)
  3 adder skeletons
  2 worms (D:2)
  4 dart slugs
  8 leopard geckos
  35 orcs
  9 bats
  9 giant cockroaches
  7 goblins
  3 hobgoblins
  18 jackals
  23 kobolds
  5 quokkas
  2 ball pythons (D:5)
  6 frilled lizards
  2 jackal skeletons
  11 rats
280 creatures vanquished.

Vanquished Creatures (others)
  4 plants (D:8)
4 creatures vanquished.

Grand Total: 284 creatures vanquished

Notes
Turn   | Place    | Note
-------+----------+-------------------------------------------
     0 | D:1      | MisterOstroum the Ogre Berserker began the quest for the
                  | Orb.
     0 | D:1      | Reached XP level 1. HP: 24/24 MP: 1/1
     2 | D:1      | Found a runed door.
     5 | D:1      | Noticed a jelly
     5 | D:1      | Noticed a jelly
    32 | D:2      | Reached skill level 4 in Maces & Flails
    32 | D:2      | Reached XP level 2. HP: 16/32 MP: 2/2
   406 | D:1      | Reached skill level 5 in Maces & Flails
   406 | D:1      | Reached XP level 3. HP: 41/41 MP: 3/3
   561 | D:1      | Reached skill level 5 in Fighting
   561 | D:1      | Reached XP level 4. HP: 50/50 MP: 4/4
   719 | D:1      | Reached ** piety under Trog
  1401 | D:2      | Reached XP level 5. HP: 47/57 MP: 5/5
  1752 | D:2      | Reached skill level 6 in Maces & Flails
  2216 | D:2      | Reached *** piety under Trog
  2216 | D:2      | Reached XP level 6. HP: 45/67 MP: 6/6
  2781 | D:3      | Found a bloodstained altar of Trog.
  2793 | D:3      | Found a white marble altar of Elyvilon.
  3237 | D:3      | Noticed Jessica
  3248 | D:3      | Killed Jessica
  3248 | D:3      | Reached skill level 7 in Maces & Flails
  3481 | D:3      | Reached XP level 7. HP: 78/78 MP: 7/7
  3844 | D:4      | Reached **** piety under Trog
  3844 | D:4      | Noticed a troll
  3932 | D:4      | Killed a troll
  3964 | D:4      | Reached skill level 5 in Dodging
  4087 | D:4      | Found a sacrificial altar of Ru.
  4092 | D:4      | Reached XP level 8. HP: 88/88 MP: 8/8
  4273 | D:4      | Found a shattered altar of Ashenzari.
  4350 | D:4      | Found Dydub Gat's Food Boutique.
  4468 | D:4      | Found an iron altar of Okawaru.
  4775 | D:4      | Reached skill level 10 in Fighting
  4941 | D:5      | Entered Level 5 of the Dungeon
  5137 | D:5      | Found an opulent altar of Gozag.
  5175 | D:5      | Found a glowing drain.
  5184 | Sewer    | Entered a sewer
  5236 | Sewer    | Noticed Purgy
  5244 | Sewer    | Killed Purgy
  5380 | Sewer    | Reached ***** piety under Trog
  5487 | D:5      | Found a staircase to the Ecumenical Temple.
  5516 | D:5      | Reached skill level 8 in Maces & Flails
  5743 | D:5      | Reached XP level 9. HP: 93/101 MP: 9/9
  6361 | D:6      | Found a stormy altar of Qazlal.
  6682 | D:6      | Found a shimmering altar of Xom.
  6693 | D:6      | Reached skill level 9 in Maces & Flails
  6928 | D:6      | Found Xeliz's General Store.
  6937 | D:6      | Bought a scroll of teleportation for 33 gold pieces
  6937 | D:6      | Bought a scroll of identify for 22 gold pieces
  7374 | D:7      | Found a large runed translucent door.
  7375 | D:7      | Found a large runed translucent door.
  7376 | D:7      | Noticed Lexodia's ghost (novice DsAc)
  7487 | D:7      | Reached skill level 1 in Throwing
  7704 | D:7      | Reached skill level 10 in Maces & Flails
  8145 | D:7      | Noticed a troll
  8156 | D:7      | Killed a troll
  8156 | D:7      | Reached XP level 10. HP: 114/114 MP: 10/10
  8280 | D:7      | Found a shimmering blue altar of Sif Muna.
  8315 | D:7      | Found a shadowy altar of Dithmenos.
  8785 | D:8      | Noticed Grum
  8799 | D:8      | Killed Grum
  8966 | D:8      | Reached skill level 11 in Maces & Flails
  9245 | D:8      | Found Bimmuthroi's Armour Emporium.
  9298 | D:8      | Received a gift from Trog
  9500 | D:8      | Reached skill level 12 in Maces & Flails
  9718 | D:8      | Found a glowing silver altar of Zin.
  9817 | D:8      | Found a radiant altar of Vehumet.
  9927 | D:8      | Found a staircase to the Lair.
 10055 | D:9      | Noticed a cyclops
 10073 | D:8      | Reached skill level 13 in Maces & Flails
 10121 | D:9      | Noticed a centaur warrior
 10209 | D:9      | Reached XP level 11. HP: 123/123 MP: 4/11
 10343 | D:9      | Noticed a two-headed ogre
 10352 | D:9      | Killed a two-headed ogre
 10352 | D:9      | Reached skill level 14 in Maces & Flails
 10429 | D:9      | Noticed a two-headed ogre
 10437 | D:9      | Killed a two-headed ogre
 10450 | D:9      | HP: 2/123 [centaur warrior (9)]
 10456 | D:9      | HP: 4/123 [centaur warrior (4)]
 10457 | D:9      | HP: 1/123 [centaur warrior (13)]
 10457 | D:9      | Slain by a centaur warrior

Skill      XL: |  1  2  3  4  5  6  7  8  9 10 11 |
---------------+----------------------------------+-----
Maces & Flails | 4 5 6 7 8 10 13 14 | 14.2
Fighting       | 5 6 7 8 10 11 12 | 12.1
Dodging        | 3 5 6 7 |  7.3
Throwing       | 3 |  3.0

Action                   |  1- 3 |  4- 6 |  7- 9 | 10-12 || total
-------------------------+-------+-------+-------+-------++-------
Melee: Mace              |    48 |   212 |   425 |   227 ||   912
       Giant club        |       |       |     7 |       ||     7
       Halberd           |       |       |       |    55 ||    55
       Morningstar       |       |       |       |     2 ||     2
Throw: Stone             |       |    36 |   121 |    40 ||   197
       Tomahawk          |       |       |     4 |    10 ||    14
Invok: Berserk           |     4 |     7 |    16 |    11 ||    38
       Trog's Hand       |       |       |       |     1 ||     1
       Brothers in Arms  |       |       |       |     1 ||     1
  Use: Scroll            |       |     2 |     2 |     4 ||     8
       Potion            |       |       |     3 |     5 ||     8
 Stab: Sleeping          |       |       |     3 |       ||     3
       Paralysed         |       |       |     1 |       ||     1
  Eat: Chunk             |     2 |    16 |    26 |    14 ||    58
       Ration            |       |       |     1 |     1 ||     2
Armor: Animal skin       |    27 |    51 |   121 |       ||   199
       Skin              |       |       |    28 |       ||    28
       Robe              |       |       |    25 |    32 ||    57
       Troll leather arm |       |       |       |    48 ||    48
Dodge: Dodged            |    48 |    90 |   237 |   145 ||   520
